 Dungeon Crawl Stone Soup version 0.30-a0-1050-g2766ea1e55 (webtiles) character file.

Game seed: 16869133222078927086

1661 Ic0nGaming the Slicer (level 9, -1/51 HPs)
             Began as a Kobold Fighter on Apr 10, 2023.
             Slain by a troll (5 damage)
             ... on level 9 of the Dungeon.
             The game lasted 00:10:59 (5744 turns).

Ic0nGaming the Slicer (Kobold Fighter)              Turns: 5744, Time: 00:11:00

Health: -1/51      AC: 17    Str: 13    XL:     9   Next: 20%
Magic:  9/9        EV: 10    Int: 10    God:
Gold:   66         SH:  6    Dex: 18    Spells: 8/8 levels left

rFire   . . .      SeeInvis .    o - +2 rapier (protect)
rCold   . . .      Faith    .    c - +1 buckler
rNeg    + . .      Spirit   .    b - +0 scale mail
rPois   .          Reflect  .    g - +2 helmet
rElec   .          Rampage  .    (no cloak)
rCorr   .                        (no gloves)
Will    .....                    l - +0 pair of boots
Stlth   ++++                     (no amulet)
HPRegen 0.28/turn                j - ring of positive energy
MPRegen 0.11/turn                m - ring of flight

@: mighty, marked, under a protective aura, flying
A: small, no large weapons, nightstalker 3
a: no special abilities


You were on level 9 of the Dungeon.
You visited 2 branches of the dungeon, and saw 9 of its levels.

You collected 226 gold pieces.
You spent 160 gold pieces at shops.

Inventory:

Hand Weapons
 a - a +0 rapier
 o - a +2 rapier of protection (weapon)
 u - a +3 short sword of venom
Missiles
 i - 6 boomerangs (quivered)
Armour
 b - a +0 scale mail (worn)
 c - a +1 buckler (worn)
 g - a +2 helmet (worn)
 l - a +0 pair of boots (worn)
Jewellery
 d - a ring of resist corrosion
 j - a ring of positive energy (left hand)
 m - a ring of flight (right hand)
Wands
 h - a wand of flame (11)
 v - a wand of digging (5)
Scrolls
 p - a scroll of identify
 q - a scroll of silence
Potions
 k - 2 potions of lignification
 n - a potion of haste
 r - a potion of flight
 s - a potion of mutation
 t - a potion of might


   Skills:
 - Level 3.2 Fighting
 * Level 12.2 Short Blades
 - Level 2.4 Armour
 + Level 8.7 Stealth
 - Level 2.4 Shields


You had 8 spell levels left.
You didn't know any spells.
Your spell library contained the following spells:

 Spells                   Type           Power      Damage    Failure   Level
 Freeze                   Ice            0%         1d3       95%         1
 Lesser Beckoning         Tloc           0%         N/A       99%         2
 Poisonous Vapours        Pois/Air       0%         N/A       99%         2
 Frozen Ramparts          Ice            0%         1d1       100%        3
 Gell's Gravitas          Tloc           0%         N/A       100%        3
 Hailstorm                Conj/Ice       0%         3d3       100%        3
 Teleport Other           Tloc           0%         N/A       100%        3
 Petrify                  Tmut/Erth      0%         N/A       100%        4
 Lee's Rapid Deconstruct  Erth           0%         3d4*      100%        5
 Shatter                  Erth           0%         3d5*      100%        9


Dungeon Overview and Level Annotations

Branches:
Dungeon (9/15)             Temple (1/1) D:5
   Lair: D:8-11         Orc: D:9-12

Altars:
Ashenzari
Cheibriados
Elyvilon
Fedhas
Gozag
Hepliaklqana
Makhleb
Qazlal
Trog
Uskayaw
Wu Jian
Xom
Zin
The Shining One

Shops:
D:1 *   D:6 *

Annotations:
D:9 Grum


Innate Abilities, Weirdness & Mutations

You are small and have problems with some larger weapons.
You are completely attuned to the shadows.


Message History

A kobold brigand comes into view.
It is wielding a +0 dagger and quivering poisoned darts.
The wolf attacks as you move away! The wolf bites you.
* * * LOW HITPOINT WARNING * * *
The wolf attacks as you move away! The wolf bites you!
* * * LOW HITPOINT WARNING * * *
The wolf attacks as you move away! The wolf misses you.
Your surroundings suddenly seem different.
You start resting.
An orc wizard comes into view. It is wielding a +0 dagger.
A troll comes into view.
The troll moves out of view.
There are monsters nearby!
An orc comes into view. It is wielding a +0 falchion.
The orc wizard casts a spell at you.
You easily resist.
The orc wizard mumbles some strange words.
The orc wizard flickers and vanishes!
Deactivating autopickup; reactivate with Ctrl-A.
An orc comes into view. It is wielding a +0 falchion.
You miss something.
A two-headed ogre comes into view.
It is wielding a +0 giant spiked club and a +0 giant club.
Something hits you.
* * * LOW HITPOINT WARNING * * *
You feel very mighty all of a sudden. Something hits you but does no damage.
The troll barely misses you. x2
The troll closely misses you.
A bullfrog comes into view.
An orc wizard comes into view. It is wielding a +0 dagger.
You puncture something!
Your weapon exudes an aura of protection.
You puncture something!
You hear some strange, mumbled words.
A magic dart appears from out of thin air!
The magic dart hits you but does no damage.
The troll bites you but does no damage. The troll claws you.
* * * LOW HITPOINT WARNING * * *
The troll claws you.
* * * LOW HITPOINT WARNING * * *
You closely miss something. The troll bites you.
You die...

#...# .
#...# #.
##...##
#.####8...8#
#.F.###o..#
###OT@{oo.#
#########


You could see a two-headed ogre, a troll, a bullfrog, an orc wizard and 2 orcs.

Vanquished Creatures
  Harold (D:9)
  A wraith (D:9)
  An ogre (D:5)
  A centaur (D:9)
  2 scorpions
  A killer bee (D:9)
  A howler monkey (D:8)
  An orc priest (D:5)
  A gnoll bouda (D:5)
  4 hounds (D:5)
  A sleepcap (D:4)
  An iguana (D:4)
  3 orc wizards
  4 gnolls (D:5)
  7 adders
  A white imp (D:5)
  2 ufetubi
  4 worms
  20 orcs
  5 bats
  11 endoplasms
  3 giant cockroaches
  8 goblins
  8 hobgoblins
  4 jackals (D:2)
  6 quokkas
  4 ball pythons
  2 frilled lizards
  7 kobolds
  2 rats
117 creatures vanquished.

Vanquished Creatures (others)
  A plant (D:5)
1 creature vanquished.

Grand Total: 118 creatures vanquished

Notes
Turn   | Place    | Note
-------+----------+-------------------------------------------
     0 | D:1      | Ic0nGaming the Kobold Fighter began the quest for the Orb.
     0 | D:1      | Reached XP level 1. HP: 14/14 MP: 1/1
    78 | D:1      | Found Mypruqec's Assorted Antiques.
    99 | D:1      | Reached skill level 3 in Short Blades
   262 | D:1      | Found a faded altar of an unknown god.
   382 | D:1      | Reached XP level 2. HP: 19/19 MP: 2/2
   639 | D:1      | Reached skill level 4 in Short Blades
   821 | D:2      | Reached XP level 3. HP: 21/23 MP: 3/3
   955 | D:2      | Reached skill level 1 in Stealth
  1335 | D:2      | Reached skill level 5 in Short Blades
  1335 | D:2      | Reached XP level 4. HP: 22/28 MP: 4/4
  1531 | D:2      | Found a bloodstained altar of Trog.
  2211 | D:3      | Reached XP level 5. HP: 26/32 MP: 5/5
  2660 | D:4      | Found a glowing silver altar of Zin.
  2670 | D:4      | Reached skill level 6 in Short Blades
  2872 | D:1      | Bought a runed rapier for 140 gold pieces
  2872 | D:1      | Bought a scroll labelled BOTUIM QIGHEZ for 20 gold pieces
  3061 | D:4      | Found a glowing golden altar of the Shining One.
  3104 | D:4      | Identified the +0 buckler of Indemnity {Dex+3}
  3241 | D:4      | Reached XP level 6. HP: 36/37 MP: 6/6
  3257 | D:4      | Found a shimmering altar of Xom.
  3281 | D:4      | Reached skill level 7 in Short Blades
  3911 | D:5      | Entered Level 5 of the Dungeon
  4048 | D:5      | Noticed an ogre
  4123 | D:5      | Got the Codex of Coarse Corruption
  4134 | D:5      | Reached XP level 7. HP: 36/41 MP: 7/7
  4167 | D:5      | Reached skill level 8 in Short Blades
  4168 | D:5      | Reached skill level 5 in Stealth
  4262 | D:5      | Found a staircase to the Ecumenical Temple.
  4302 | Temple   | Entered the Ecumenical Temple
  4795 | D:5      | Reached skill level 9 in Short Blades
  4888 | D:5      | Reached XP level 8. HP: 46/46 MP: 8/8
  4930 | D:5      | Found a broken altar of Ashenzari.
  5266 | D:6      | Found Ismedem's Fire Supplies.
  5343 | D:6      | Noticed a yak
  5347 | D:6      | Noticed a yak
  5347 | D:6      | Noticed a yak
  5569 | D:6      | You are sucked into a shaft and drop 3 floors!
  5629 | D:9      | Noticed Harold
  5646 | D:9      | Noticed a wraith
  5648 | D:9      | Killed Harold
  5649 | D:9      | Reached skill level 11 in Short Blades
  5657 | D:9      | Killed a wraith
  5658 | D:9      | Reached XP level 9. HP: 33/51 MP: 9/9
  5703 | D:9      | Reached skill level 12 in Short Blades
  5713 | D:9      | Noticed a two-headed ogre
  5723 | D:9      | Noticed Grum
  5736 | D:9      | Noticed a troll
  5740 | D:9      | Noticed a two-headed ogre
  5744 | D:9      | Slain by a troll

Illustrated notes

Levels and vault maps discovered:
D:1:      wheals_arrival_shading, layout_loops_cross, serial_shops, shop,
          shapermc_ecumenical_altar_hornbeckon
D:2:      layout_basic, basic_altar
D:3:      layout_rooms
D:4:      layout_basic, kennysheep_mini, xom_teletrap_fun, zin_treasury,
          st_stairs_8
D:5:      layout_cave_pools, mainiacjoe_overflow_paths,
          minmay_temple_entry_proselytizer, serial_bayou_lake_a
D:6:      layout_gridville, nicolae_shop_fire_sale [nicolae_sub_dead_trees]
D:8:      layout_cave_pools, mainiacjoe_overflow_alcove_4,
          nicolae_overflow_squiral, mainiacjoe_overflow_alcove_1
D:9:      hangedman_cross_cluster, layout_rooms,
          mainiacjoe_overflow_surrounded_room, mainiacjoe_overflow_tiny_flanked,
          serial_corexii_hall, corexii_hall_statues_t, corexii_hall_statues_t,
          uniq_harold, uniq_grum, uniq_maggie
Temple:   hellmonk_temple_flake

Skill      XL: |  1  2  3  4  5  6  7  8  9 |
---------------+----------------------------+-----
Short Blades   | 3 4 5 6 7 9 11 12 | 12.2
Stealth        | 1 2 3 4 6 8 |  8.7
Fighting       | |  3.2
Armour         | |  2.4
Shields        | |  2.4

Action                     |  1- 3 |  4- 6 |  7- 9 || total
---------------------------+-------+-------+-------++-------
  Melee: Rapier            |   106 |   201 |   151 ||   458
         Short sword       |       |       |     5 ||     5
  Throw: Boomerang         |       |     1 |     4 ||     5
    Use: Scroll            |     5 |    11 |     5 ||    21
         Potion            |       |       |     6 ||     6
   Stab: Sleeping          |     4 |     8 |     5 ||    17
         Distracted        |       |     2 |       ||     2
 Armour: Scale mail        |    45 |    59 |    81 ||   185
  Dodge: Dodged            |    53 |    70 |    85 ||   208
  Block: Buckler           |    25 |    36 |    28 ||    89

Table legend: (Time is in decaauts)
 A = Elapsed time spent in this place.
 B = Non-inter-level travel time spent in this place.
 C = Inter-level travel time spent in this place.
 D = Time resting spent in this place.
 E = Time spent auto-exploring this place.
 F = Levels seen in this place.
 G = Mean time per level.
                   A        B        C        D        E       F      G
               +--------+--------+--------+--------+--------+-----+--------+
         Total |   5716 |   5503 |    213 |    717 |   3605 |   9 |  635.1 |
       Dungeon |   5340 |   5127 |    213 |    519 |   3480 |   8 |  667.5 |
        Temple |    376 |    376 |      0 |    198 |    125 |   1 |  376.0 |
               +--------+--------+--------+--------+--------+-----+--------+

Top non-repeatable levels by time:
     D:4: 1284 daAuts
     D:2: 1183 daAuts
     D:1: 894 daAuts
     D:5: 846 daAuts
     D:3: 657 daAuts
  Temple: 376 daAuts
     D:6: 317 daAuts
     D:9: 125 daAuts
     D:8: 31 daAuts
